 Dungeon Crawl Stone Soup version 0.28.0-45-g0d030f2227 (webtiles) character file.

Game seed: 13153102231305910770

35500 Treehippy the Impaler (level 13, -6/108 HPs)
             Began as a Merfolk Gladiator on Apr 14, 2022.
             Was a Believer of Makhleb.
             Collided with a metal wall (8 damage)
             ... caused by a wretched star
             ... on level 2 of the Abyss.
             The game lasted 03:35:05 (24521 turns).

Treehippy the Impaler (Merfolk Gladiator)          Turns: 24521, Time: 03:35:10

Health: -6/108     AC: 12    Str: 16    XL:     13   Next: 84%
Magic:  15/19      EV: 20    Int:  7    God:    Makhleb [**....]
Gold:   1172       SH:  5    Dex: 19    Spells: 12/16 levels left

rFire   + . .      SeeInvis +   L - +5 halberd
rCold   + . .      Faith    .   (shield currently unavailable)
rNeg    . . .      Spirit   .   u - +0 ring mail {rC+}
rPois   .          Reflect  +   c - +2 helmet
rElec   .          Harm     .   M - +0 cloak
rCorr   .          Rampage  .   N - +1 pair of gloves
Will    +....                   g - +0 pair of boots
Stlth   ++........              t - amulet of Etokka {Reflect Fly Str-2 Dex+2 SH+5 SInv}
HPRegen 0.00/turn               R - ring of protection from fire
MPRegen 0.16/turn               f - ring of willpower

@: sick, flying
A: (nimble swimmer 2), mertail
a: Renounce Religion, Minor Destruction


You were on level 2 of the Abyss.
You worshipped Makhleb.
Makhleb was pleased with you.
You visited 3 branches of the dungeon, and saw 15 of its levels.
You visited the Abyss 2 times.
You also visited: Trove.

You collected 1172 gold pieces.

Inventory:

Hand Weapons
 q - the +5 mace "Syod" {drain, rF++ rCorr Str+2 Stlth-}
   (You found it on level 2 of the Dungeon)

   A truly terrible weapon, it drains the life of any living foe it strikes.
   Str:       It affects your strength (+2).
   rF:        It greatly protects you from fire.
   rCorr:     It protects you from acid and corrosion.
   Stlth:     It makes you less stealthy.
 L - a +5 halberd (weapon)
 U - a +2 scimitar of flaming
Missiles
 d - 3 throwing nets
 x - 14 boomerangs (quivered)
 I - 7 javelins
Armour
 c - a +2 helmet (worn)
 g - a +0 pair of boots (worn)
 l - a +0 tower shield
 u - a +0 ring mail of cold resistance (worn)
 M - a +0 cloak (worn)
 N - a +1 pair of gloves (worn)
Jewellery
 a - a ring of poison resistance
 f - a ring of willpower (right hand)
 j - the ring "Veohunefi" {EV+4 Str+2}
   (You found it in a treasure trove)

   [ring of evasion]

   EV:        It affects your evasion (+4).
   Str:       It affects your strength (+2).
 n - a +4 ring of slaying
 r - an amulet of magic regeneration
 t - the amulet of Etokka (around neck) {Reflect Fly Str-2 Dex+2 SH+5 SInv}
   (You found it in a treasure trove)

   [amulet of reflection]

   It reflects blocked missile attacks.
   Str:       It affects your strength (-2).
   Dex:       It affects your dexterity (+2).
   SInv:      It lets you see invisible.
   Fly:       It grants you flight.
   SH:        It affects your SH (+5).
 J - a +6 ring of dexterity
 O - the ring "Efueho" {rF- rC++ Int+3 Dex+6 SInv}
   (You found it in a treasure trove)

   [ring of dexterity]

   Int:       It affects your intelligence (+3).
   Dex:       It affects your dexterity (+6).
   rF:        It makes you vulnerable to fire.
   rC:        It greatly protects you from cold.
   SInv:      It lets you see invisible.
 R - a ring of protection from fire (left hand)
 W - a ring of willpower
 Y - a ring of protection from cold
Wands
 m - a wand of polymorph (6)
 s - a wand of mindburst (8)
 B - a wand of iceblast (4)
 H - a wand of paralysis (6)
 P - a wand of charming (1)
Scrolls
 e - a scroll of enchant weapon
 i - a scroll of amnesia {unknown}
 z - 2 scrolls of holy word {unknown}
 A - 2 scrolls of immolation
 G - 3 scrolls of fog
 K - 2 scrolls of fear
 S - 2 scrolls of blinking
 T - a scroll of brand weapon
 V - a scroll of teleportation
Potions
 b - 2 potions of berserk rage
 h - a potion of heal wounds
 k - 4 potions of resistance
 o - a potion of invisibility
 p - 2 potions of lignification
 v - a potion of attraction {unknown}
 w - 10 potions of curing
 C - 3 potions of ambrosia
 D - a potion of cancellation
 E - 2 potions of might
 Z - 2 potions of brilliance


   Skills:
 - Level 12.1 Fighting
 - Level 16.0 Polearms
 - Level 2.1 Throwing
 - Level 15.0 Dodging
 - Level 3.0 Stealth
 - Level 5.0 Shields
 + Level 2.2 Spellcasting
 + Level 6.8 Summonings
 + Level 7.5 Ice Magic
 - Level 8.0 Invocations


You had 12 spell levels left.
You knew the following spells:

 Your Spells              Type           Power      Damage    Failure   Level
a - Summon Ice Beast      Ice/Summ       10%        N/A       36%         4

Your spell library contained the following spells:

 Spells                   Type           Power      Damage    Failure   Level
 Call Imp                 Summ           10%        N/A       6%          2
 Frozen Ramparts          Ice            22%        1d4       10%         3
 Summon Guardian Golem    Hex/Summ       5%         N/A       45%         3
 Magic Dart               Conj           0%         1d3       58%         1
 Blink                    Tloc           0%         N/A       73%         2
 Corpse Rot               Necr/Air       0%         N/A       73%         2
 Static Discharge         Conj/Air       0%         N/A       73%         2
 Ice Form                 Ice/Tmut       6%         N/A       83%         4
 Confusing Touch          Hex            0%         N/A       91%         3
 Lesser Beckoning         Tloc           0%         N/A       91%         3
 Mephitic Cloud           Conj/Pois/Air  0%         N/A       91%         3
 Dispel Undead            Necr           0%         3d6       100%        4
 Fulminant Prism          Conj/Hex       0%         3d6       100%        4
 Iskenderun's Mystic Bla  Conj/Tloc      0%         2d3       100%        4
 Sticky Flame             Conj/Fire      0%         2d3       100%        4
 Lee's Rapid Deconstruct  Erth           0%         3d5*      100%        5
 Manifold Assault         Tloc           0%         N/A       100%        5
 Yara's Violent Unravell  Hex/Tmut       0%         3d3       100%        5
 Death Channel            Necr           0%         N/A       100%        6
 Enfeeble                 Hex            0%         N/A       100%        7
 Orb of Destruction       Conj           0%         9d5       100%        7
 Spellforged Servitor     Conj/Summ      2%         N/A       100%        7


Dungeon Overview and Level Annotations

Branches:
Dungeon (11/15)            Temple (1/1) D:4            Lair (3/6) D:11
  Snake (0/4) Lair:3
  Swamp: Lair:2-4    Shoals: Lair:2-4       Orc: D:9-12

Altars:
Ashenzari
Cheibriados
Dithmenos
Elyvilon
Fedhas
Gozag
Hepliaklqana
Kikubaaqudgha
Makhleb
Nemelex Xobeh
Okawaru
Qazlal
Ru
Sif Muna
Trog
Uskayaw
Vehumet
Wu Jian
Xom
Yredelemnul
Zin
The Shining One

Shops:
D:2 :

Annotations:
D:5 exclusion: 2 doors
D:7 3 runed translucent doors, exclusion: oklob plant, jaiteiro's ghost, novice MiFi
D:8 Gastronok
D:9 exclusion: upstairs
D:11 exclusions: door and 1 more exclusion
Lair:1 2 exclusions
Lair:2 1 exclusion
Lair:3 Sonja


Innate Abilities, Weirdness & Mutations

((You are very nimble when in or above water. (Stealth+, EV+, Speed+++)))
Your lower body shifts to a powerful aquatic tail in water.


Message History

You kill the efreet!
That felt strangely unrewarding.
The wretched star glows turbulently.
The lance of force reflects off an invisible shield around you!
The lance of force hits the wretched star!!
The wretched star is knocked back by the lance of force.
Press: ? - help, v - describe, . - travel
Here: a wretched star (moderately damaged)
The floor.
Unknown command.
The wretched star glows turbulently.
The lance of force hits you.
* * * LOW HITPOINT WARNING * * *
You are knocked back by the lance of force.
You slam into the stone wall!
* * * LOW HITPOINT WARNING * * *
You feel much better.
Casting: Summon Ice Beast (dangerous; 36% risk of failure)
Confirm with . or Enter, or press ? or * to list all spells.
A chill wind blows around you.
You are too injured to fight recklessly!
You are too injured to fight recklessly!
You puncture the wretched star!
The wretched star is heavily damaged.
Press: ? - help, v - describe, . - travel
Here: a wretched star (heavily damaged, ally target)
The floor.
Unknown command.
Unknown command.
Press: ? - help, v - describe, . - travel The floor.
Unknown command.
You barely miss the wretched star.
The wretched star is heavily damaged.
The wretched star glows turbulently.
The lance of force hits you!!
* * * LOW HITPOINT WARNING * * *
You are knocked back by the lance of force.
You slam into the metal wall!
You die...

. .## #≈≈.# # ## #
#.##.≈≈#. #*
#.####....≈≈..
####..##.....#.≈≈.
# ..°)*. ....#
##....#.###.##...#
#..##### #..# .#
.... ##*# .## .
#@Y# # ##...#
..##.# #.# # ###


You could see a wretched star (ally target) and a friendly ice beast (summoned).

Vanquished Creatures
  Harold (D:8)
  Fannar (D:10)
  A boulder beetle (D:11)
  2 hydras (Lair:3)
  Erica (Lair:2)
  A centaur warrior (D:9)
  3 two-headed ogres
  7 death yaks
  A skeletal warrior (D:11)
  A spatial maelstrom (Abyss:3)
  A bog body (Lair:3)
  A wizard (D:10)
  5 elephants (Lair:2)
  A worldbinder (Abyss:2)
  2 black mambas (Lair:1)
  A torpor snail (Lair:2)
  An unseen horror (D:11)
  11 cane toads
  2 efreet
  2 rime drakes (Lair:1)
  7 komodo dragons
  An ancient zyme (Abyss:2)
  2 trolls
  A hornet (D:8)
  26 blink frogs
  A polar bear (Lair:1)
  A shadow (D:11)
  4 wyverns
  A large abomination (Abyss:3)
  3 nameless horrors (Lair:3)
  3 basilisks
  Grum (D:9)
  5 yaks (Lair:1)
  A neqoxec (Abyss:3)
  2 steam dragons (D:7)
  A chaos spawn (Abyss:3)
  5 water moccasins
  An acid dragon (D:8)
  2 black bears
  A hornet zombie (D:7)
  6 orc warriors
  A sky beast (D:6)
  2 ice beasts
  An ogre (D:3)
  19 wolves
  3 phantoms
  4 centaurs
  2 kobold brigands (D:8)
  Blork the orc (D:5)
  12 bullfrogs
  A gnoll sergeant (D:6)
  2 scorpions
  A wyvern skeleton (D:7)
  4 killer bees (D:8)
  8 wights
  An electric eel (Lair:2)
  3 howler monkeys
  6 centaur zombies
  4 hounds
  A quasit (Abyss:1)
  5 bullfrog zombies
  10 jellies
  12 orc priests
  2 bullfrog skeletons
  2 iguanas (D:5)
  Jessica (D:2)
  5 orc wizards
  Natasha (D:2)
  2 killer bee zombies (D:8)
  A howler monkey zombie (D:8)
  6 gnolls
  6 adders
  2 white imps
  4 dart slugs
  41 orcs
  9 bats
  15 endoplasms
  4 giant cockroaches
  8 goblins
  7 hobgoblins
  4 jackals (D:4)
  2 quokkas
  5 ball pythons
  6 frilled lizards
  14 kobolds
  2 rats
373 creatures vanquished.

Vanquished Creatures (others)
  A large abomination (Abyss:2)
  A bush (Lair:2)
  36 fungi
  54 plants
92 creatures vanquished.

Grand Total: 465 creatures vanquished

Notes
Turn   | Place    | Note
-------+----------+-------------------------------------------
     0 | D:1      | Treehippy the Merfolk Gladiator began the quest for the
                  | Orb.
     0 | D:1      | Reached XP level 1. HP: 16/16 MP: 1/1
   277 | D:1      | Reached XP level 2. HP: 17/22 MP: 2/2
  1247 | D:2      | Identified the +5 mace "Syod" {drain, rF++ rCorr Str+2
                  | Stlth-}
  1270 | D:2      | Noticed a black bear
  1345 | D:2      | Reached skill level 5 in Polearms
  1428 | D:2      | Reached XP level 3. HP: 28/28 MP: 3/3
  1445 | D:2      | Found Yqileklacs's Book Shoppe.
  1460 | D:2      | Noticed Jessica
  1548 | D:2      | Found a faded altar of an unknown god.
  1552 | D:2      | You fall into a shaft and drop 1 floor!
  2333 | D:2      | Killed Jessica
  2334 | D:2      | Reached skill level 5 in Dodging
  2334 | D:2      | Reached XP level 4. HP: 27/35 MP: 4/4
  2383 | D:2      | Found a glowing golden altar of the Shining One.
  2847 | D:3      | Reached XP level 5. HP: 40/41 MP: 5/5
  2874 | D:3      | Found a faded altar of an unknown god.
  2914 | D:2      | Reached skill level 6 in Polearms
  2936 | D:2      | Reached skill level 1 in Shields
  3005 | D:3      | Found an ancient bone altar of Kikubaaqudgha.
  3008 | D:3      | Found a white marble altar of Elyvilon.
  3101 | D:3      | Reached XP level 6. HP: 48/48 MP: 6/6
  3190 | D:3      | Found a glowing golden altar of the Shining One.
  3309 | D:3      | Found a glowing silver altar of Zin.
  3637 | D:3      | Found an opulent altar of Gozag.
  3666 | D:4      | Found a hide-covered altar of Uskayaw.
  3979 | D:4      | Found a staircase to the Ecumenical Temple.
  3988 | Temple   | Entered the Ecumenical Temple
  4153 | Temple   | Became a worshipper of Makhleb the Destroyer
  4255 | D:4      | Reached XP level 7. HP: 49/55 MP: 7/7
  4313 | D:4      | Reached skill level 1 in Invocations
  4409 | D:4      | Reached skill level 7 in Polearms
  4954 | D:5      | Entered Level 5 of the Dungeon
  5135 | D:5      | Noticed a steam dragon
  5427 | D:5      | Reached skill level 5 in Fighting
  5650 | D:5      | Reached XP level 8. HP: 61/62 MP: 9/9
  6033 | D:5      | Reached skill level 8 in Polearms
  6738 | D:2      | Noticed Natasha
  6741 | D:2      | Killed Natasha
  7061 | D:6      | Noticed Blork the orc
  7105 | D:5      | Killed Blork the orc
  7250 | D:6      | Reached skill level 9 in Polearms
  7331 | D:6      | Reached * piety under Makhleb
  7367 | D:6      | Reached XP level 9. HP: 68/68 MP: 12/12
  7644 | D:6      | Reached skill level 5 in Shields
  7878 | D:6      | Reached skill level 5 in Invocations
  8315 | D:7      | Reached skill level 10 in Polearms
  8479 | D:7      | Found a stormy altar of Qazlal.
  8598 | D:7      | Found a snail-covered altar of Cheibriados.
  9102 | D:7      | Found a runed translucent gate.
  9102 | D:7      | Found a runed translucent gate.
  9102 | D:7      | Found a runed translucent gate.
  9102 | D:7      | Noticed jaiteiro's ghost (novice MiFi)
  9476 | D:7      | Reached skill level 10 in Dodging
  9486 | D:7      | Found a blossoming altar of Fedhas.
  9519 | D:7      | Noticed an oklob plant
  9546 | D:7      | Reached skill level 11 in Polearms
  9583 | D:7      | Reached ** piety under Makhleb
  9673 | D:8      | Noticed Harold
  9773 | D:7      | Reached XP level 10. HP: 40/74 MP: 13/15
  9982 | D:8      | Paralysed by a hornet for 2 turns
 10229 | D:8      | Noticed Gastronok
 10356 | D:9      | Noticed Grum
 10390 | D:9      | Killed Grum
 10391 | D:9      | Reached skill level 12 in Polearms
 10456 | D:9      | Noticed a centaur warrior
 10888 | D:9      | Killed a centaur warrior
 10956 | D:9      | Identified the +9 hand axe "Impslayer" {vorpal, Dex-3 SInv
                  | Stlth+}
 10964 | D:9      | Reached *** piety under Makhleb
 11306 | D:9      | Found a radiant altar of Vehumet.
 11482 | D:10     | Entered Level 10 of the Dungeon
 11482 | D:10     | Noticed a two-headed ogre
 11497 | D:9      | Killed a two-headed ogre
 11498 | D:9      | Reached XP level 11. HP: 63/84 MP: 17/17
 11629 | D:10     | Reached skill level 13 in Polearms
 11919 | D:10     | Noticed Fannar
 11976 | D:10     | Killed Fannar
 12104 | D:10     | Noticed a two-headed ogre
 12341 | D:10     | Noticed a wizard
 12347 | D:10     | Cast into level 3 of the Abyss (a wizard)
 12367 | Abyss:3  | Noticed a spatial maelstrom
 12379 | Abyss:3  | Killed a spatial maelstrom
 12406 | Abyss:3  | Noticed a rakshasa
 12425 | Abyss:4  | Noticed a large abomination
 12446 | Abyss:4  | Noticed a reaper
 12463 | Abyss:4  | Noticed a large abomination
 12478 | Abyss:4  | Noticed a starcursed mass
 12484 | D:10     | Escaped the Abyss
 12491 | D:10     | Killed a wizard
 12561 | D:10     | Killed a two-headed ogre
 12628 | D:10     | Learned a level 4 spell: Summon Ice Beast
 12656 | D:10     | Found a portal to a secret trove of treasure.
 12679 | Trove    | Entered a treasure trove
 12714 | Trove    | Identified the amulet of Etokka {Reflect Fly Str-2 Dex+2
                  | SH+5 SInv}
 12716 | Trove    | Identified the ring of the Sunfish {Str+2 Int+6 Dex+6}
 12721 | Trove    | Identified the ring "Efueho" {rF- rC++ Int+3 Dex+6 SInv}
 12725 | Trove    | Identified the ring "Veohunefi" {EV+4 Str+2}
 13373 | D:11     | Noticed a two-headed ogre
 13382 | D:11     | Killed a two-headed ogre
 13458 | D:11     | Noticed a boulder beetle
 14078 | D:8      | Killed Harold
 14079 | D:8      | Reached skill level 14 in Polearms
 14608 | D:11     | Found a staircase to the Lair.
 14640 | D:11     | Noticed a skeletal warrior
 14675 | D:11     | Killed a skeletal warrior
 14676 | D:11     | Reached skill level 10 in Fighting
 14958 | D:11     | Noticed a skeletal warrior
 15168 | D:11     | Killed a boulder beetle
 15169 | D:11     | Reached skill level 1 in Stealth
 15169 | D:11     | Reached skill level 1 in Ice Magic
 15495 | Lair:1   | Entered Level 1 of the Lair of Beasts
 15507 | Lair:1   | Reached skill level 1 in Summonings
 15699 | Lair:1   | Reached XP level 12. HP: 97/97 MP: 18/18
 18417 | Lair:2   | Noticed a death yak
 18440 | Lair:1   | Killed a death yak
 19222 | Lair:2   | Noticed a death yak
 19227 | Lair:2   | Noticed a death yak
 19257 | Lair:2   | Killed a death yak
 19272 | Lair:2   | Noticed a death yak
 19281 | Lair:2   | Noticed a death yak
 19446 | Lair:1   | Reached skill level 15 in Polearms
 19678 | Lair:2   | Noticed Erica
 19891 | Lair:2   | Noticed a death yak
 19893 | Lair:2   | Noticed a death yak
 20396 | Lair:2   | Killed Erica
 20397 | Lair:2   | Reached skill level 5 in Ice Magic
 20397 | Lair:2   | Reached XP level 13. HP: 99/106 MP: 19/19
 20568 | Lair:2   | Reached skill level 5 in Summonings
 20802 | Lair:2   | Reached skill level 15 in Dodging
 22717 | Lair:3   | Found a staircase to the Snake Pit.
 22994 | Lair:3   | Reached skill level 16 in Polearms
 23255 | Lair:3   | Reached skill level 1 in Spellcasting
 24027 | Lair:3   | Noticed Sonja
 24055 | Lair:3   | Cast into level 1 of the Abyss (Sonja)
 24056 | Abyss:1  | Noticed a green very ugly thing
 24382 | Abyss:2  | Noticed a naga warrior
 24521 | Abyss:2  | HP: 2/108 [wretched star/lance of force (26)]
 24521 | Abyss:2  | Collided with a metal wall

Illustrated notes

Levels and vault maps discovered:
D:1:      dpeg_arrival_rooms_with_view, layout_basic
D:2:      minmay_chambers_of_twos, layout_basic,
          shapermc_ecumenical_altar_mp_urbaneastern, basic_altar, serial_shops,
          shop, kennysheep_generic_room_6, uniq_jessica, uniq_natasha
D:3:      layout_basic, mainiacjoe_overflow_24_doors, zin_statuary,
          nicolae_overflow_ecumenical_swirl, grunt_temple_overflow_open,
          minmay_misc_feat_rows
D:4:      layout_cave_pools, nicolae_uskayaw_murder_on_the_dancefloor,
          minmay_temple_entry_junction_2
D:5:      layout_gridville
D:6:      layout_layer_cave, grunt_decor_cap, grunt_ministairs_2,
          uniq_blork_the_orc
D:7:      lemuel_slime, layout_cave_pods, fedhas_altar_fruit_tree,
          mainiacjoe_overflow_catch_the_wave, gammafunk_ghost_nasty_kobolds
D:8:      layout_basic, uniq_gastronok, uniq_harold
D:9:      layout_roguey, lemuel_doored_altar, chequers_hall_statues_wall_a,
          kennysheep_generic_room_15, uniq_grum
D:10:     layout_basic, nicolae_trove_entry_isolated, roderic_roman_lattice,
          minmay_librarian, uniq_fannar
D:11:     minmay_goldmine, layout_gridville, lair_entry_dummy
Temple:   minmay_temple_bridge_abc
Lair:1:   layout_hall_layers, lemuel_fruit_fields
Lair:2:   layout_cellular_growth, bh_autumn_forest_stairs, serial_bayou_pond_d,
          serial_bayou_shore_a, lemuel_fruit_fields, uniq_erica
Lair:3:   layout_chaotic_city, nicolae_swamp_entry_splash_gauntlet,
          dummy_snake_entry, beast_lair_carwin_11, grunt_megastairs_2,
          lemuel_fruit_fields, uniq_sonja
Abyss:2:  base: Lair:2, hangedman_decor_points, hangedman_abyss_mock_shop

Skill      XL: |  1  2  3  4  5  6  7  8  9 10 11 12 13 |
---------------+----------------------------------------+-----
Polearms       | 5 6 7 9 11 12 14 15 16 | 16.0
Fighting       | 3 4 5 7 10 11 12 | 12.1
Dodging        | 5 6 7 8 10 11 13 14 15 | 15.0
Shields        | 1 2 3 4 5 |  5.0
Invocations    | 2 4 6 8 |  8.0
Stealth        | 1 3 |  3.0
Ice Magic      | 1 5 7 |  7.5
Summonings     | 1 4 6 |  6.8
Spellcasting   | 2 |  2.2
Throwing       | |  2.1

Action                   |  1- 3 |  4- 6 |  7- 9 | 10-12 | 13-15 || total
-------------------------+-------+-------+-------+-------+-------++-------
Melee: Trident           |   136 |   133 |   386 |       |       ||   655
       Punch             |     1 |     1 |       |       |       ||     2
       Halberd           |       |       |   133 |   727 |   374 ||  1234
       Unarmed           |       |       |       |     2 |       ||     2
       Scimitar          |       |       |       |       |     8 ||     8
Throw: Stone             |     1 |       |     6 |       |       ||     7
       Throwing net      |       |       |       |     5 |       ||     5
       Boomerang         |       |       |       |     3 |     6 ||     9
       Dart              |       |       |       |     6 |       ||     6
       Javelin           |       |       |       |     4 |       ||     4
 Cast: Summon Ice Beast  |       |       |       |       |    14 ||    14
Invok: Minor Destruction |       |       |       |     2 |       ||     2
Evoke: Wand              |       |       |       |     6 |       ||     6
  Use: Scroll            |       |     9 |     4 |    16 |     2 ||    31
       Potion            |       |       |       |     8 |     1 ||     9
 Stab: Sleeping          |     1 |       |       |       |       ||     1
       Invisible         |       |       |       |     4 |       ||     4
       Held in net/web   |       |       |       |     5 |       ||     5
       Distracted        |       |       |       |       |     2 ||     2
Armor: Leather armour    |    31 |       |       |       |       ||    31
       Ring mail         |    11 |    31 |   107 |    12 |    51 ||   212
       Chain mail        |       |       |       |   215 |       ||   215
       Scale mail        |       |       |       |    27 |       ||    27
Dodge: Dodged            |    56 |    59 |   307 |   418 |   229 ||  1069
Block: Buckler           |       |    14 |    90 |       |       ||   104
       Other             |       |       |       |    75 |    47 ||   122
       Reflection        |       |       |       |       |     1 ||     1
